 Dungeon Crawl Stone Soup version 0.19.5 (webtiles) character file.

67 tof the Conjurer (level 4, 0/30 HPs)
             Began as a Demonspawn Conjurer on Mar 8, 2017.
             Slain by a worm (9 damage)
             ... on level 3 of the Dungeon.
             The game lasted 00:09:45 (2740 turns).

tof the Conjurer (Demonspawn Conjurer)              Turns: 2740, Time: 00:09:46

Health: 0/30       AC:  4    Str:  8      XL:     4   Next: 0%
Magic:  1/8        EV: 12    Int: 16 (18) God:
Gold:   310        SH:  0    Dex: 11 (13) Spells: 1 memorised, 7 levels left

rFire  . . .     SeeInvis .     (no weapon)
rCold  + . .     Gourm    .     a - +0 robe
rNeg   . . .     Faith    .     (no shield)
rPois  .         Spirit   .     (helmet restricted)
rElec  .         Reflect  .     (no cloak)
rCorr  +         Harm     .     (no gloves)
MR     .....                    (no boots)
Stlth  ++........               (no amulet)
                                l - ring of resist corrosion
                                k - ring of protection from cold

@: no status effects
A: horns 1, yellow scales 1
a: no special abilities


You were on level 3 of the Dungeon.
You were not hungry.

You visited 1 branch of the dungeon, and saw 3 of its levels.

You collected 310 gold pieces.

Inventory:

Armour
 a - a +0 robe (worn)
Jewellery
 k - a ring of protection from cold (left hand)
 l - a ring of resist corrosion (right hand)
Scrolls
 d - a scroll of immolation {unknown}
 e - a scroll of recharging
 f - 8 scrolls of identify
 i - 2 scrolls of teleportation {unknown}
 m - a scroll of fog {unknown}
Books
 b - a book of Conjurations

   Spells                             Type                      Level
   a - Magic Dart                     Conjuration                  1
   b - Searing Ray                    Conjuration                  2
   c - Dazzling Spray                 Conjuration/Hexes            3
   d - Fulminant Prism                Conjuration/Hexes            4
   e - Iskenderun's Mystic Blast      Conjuration                  4
   f - Iskenderun's Battlesphere      Conjuration/Charms           5
 j - a book of Beasts

   Spells                             Type                      Level
   a - Summon Butterflies             Summoning                    1
   b - Call Canine Familiar           Summoning                    3
   c - Summon Ice Beast               Ice/Summoning                4
   d - Summon Mana Viper              Hexes/Summoning              5
   e - Summon Hydra                   Summoning                    7
Comestibles
 c - 2 bread rations
 g - a slice of pizza
 n - a beef jerky


   Skills:
 + Level 2.5 Dodging
 + Level 2.4 Stealth
 * Level 2.6 Spellcasting
 + Level 4.4 Conjurations


You had 7 spell levels left.
You knew the following spells:

 Your Spells              Type           Power        Failure   Level  Hunger
a - Magic Dart            Conj           ###.         3%          1    #......


Dungeon Overview and Level Annotations

Branches:
Dungeon (3/15)

Altars:
The Shining One


Innate Abilities, Weirdness & Mutations

You have a pair of small horns on your head.
You are partially covered in yellow scales. (AC +2)


Message History

The rat bites you but does no damage.
You hit the worm.
The worm is almost dead.
The worm bites you! The rat bites you.
* * * LOW HITPOINT WARNING * * *
You hit the worm.
The worm is almost dead.
The rat barely misses you. The worm bites you but does no damage.
You hit the worm.
The worm is almost dead.
The rat misses you.
Casting: Magic Dart
Confirm with . or Enter, or press ? or * to list all spells.
Aiming: Magic Dart
Press: ? - help, Shift-Dir - straight line, f/p - worm
Aim: a worm (almost dead)
The magic dart hits the worm.
The worm is almost dead.
The worm bites you!
You die...

............#
#...............###
##########'##
#........#.###..###
##########..#
#........#. #...^.
............#
#<.......# ###...
............#
#........# #....
.........(..###.#....#
#.#..
.............##....w.#
#.#..
...........#.##.r###.#
#....
...........#..#$@###.#
#####.
#############.#..w...#
#.....
.........#.######
#.#### ...........#
###.#### .........).#
#....... ...........#
######## ##########>#
#... #.# #.## #.# #...


You could see a worm and a rat.

Vanquished Creatures
  2 adders
  A dart slug (D:1)
  A leopard gecko (D:2)
  An orc (D:3)
  4 bats
  A giant cockroach (D:3)
  5 goblins
  7 hobgoblins
  5 jackals
  A ball python (D:1)
  2 frilled lizards (D:1)
  6 kobolds
  5 rats
  A fungus (D:3)
42 creatures vanquished.

Notes
Turn   | Place    | Note
-------+----------+-------------------------------------------
     0 | D:1      | tof the Demonspawn Conjurer began the quest for the Orb.
     0 | D:1      | Reached XP level 1. HP: 13/13 MP: 3/3
   556 | D:1      | Found a glowing golden altar of the Shining One.
   562 | D:1      | Gained mutation: You have a pair of small horns on your head. [demonic ancestry]
   562 | D:1      | Reached XP level 2. HP: 19/19 MP: 3/5
  1389 | D:2      | Gained mutation: You are partially covered in yellow scales. (AC +2) [demonic ancestry]
  1389 | D:2      | Reached XP level 3. HP: 24/24 MP: 0/6
  2644 | D:3      | Reached XP level 4. HP: 30/30 MP: 0/8
  2740 | D:3      | Slain by a worm

Skill      XL: |  1 |
---------------+----+-----
Dodging        | 2 |  2.5
Stealth        | 2 |  2.4
Spellcasting   | |  2.6
Conjurations   | |  4.4

Action                   |  1- 3 |  4- 6 || total
-------------------------+-------+-------++-------
Melee: Unarmed           |    35 |     9 ||    44
       Headbutt          |     2 |       ||     2
 Cast: Magic Dart        |   105 |    11 ||   116
  Use: Potion            |     5 |       ||     5
       Scroll            |     3 |       ||     3
  Eat: Chunk             |     6 |     1 ||     7
Armor: Robe              |    10 |     2 ||    12
Dodge: Dodged            |    33 |     9 ||    42
